 Dungeon Crawl Stone Soup version 0.22.0-75-g3901e79 (webtiles) character file.

836 Starchild the Basher (level 7, -1/77 HPs)
             Began as an Ogre Chaos Knight on Sept 15, 2018.
             Slain by an unseen horror (7 damage)
             ... on level 5 of the Dungeon.
             The game lasted 00:11:59 (4708 turns).

Starchild the Basher (Ogre Chaos Knight)            Turns: 4708, Time: 00:12:00

Health: -1/77      AC:  5    Str: 13 (15) XL:     7   Next: 99%
Magic:  7/7        EV: 10    Int: 13 (15) God:    Xom [.*....]
Gold:   181        SH:  0    Dex:  7 (8)  Spells: 6/6 levels left

rFire    + . .     SeeInvis .   g - +1 whip (drain)
rCold    x . .     Gourm    .   (no shield)
rNeg     . . .     Faith    .   b - +2 robe
rPois    .         Spirit   .   (helmet restricted)
rElec    .         Reflect  .   (no cloak)
rCorr    .         Harm     .   (gloves unavailable)
MR       .....                  (boots unavailable)
Stlth    +.........             (no amulet)
HPRegen  0.22/turn              k - ring of fire
MPRegen  0.10/turn              (no ring)

@: no status effects
A: large, unfitting armour, blurry vision 1, deterioration 1, robust 1, tough
skin 1, weak 1
a: Renounce Religion


You were on level 5 of the Dungeon.
You worshipped Xom.
You were a plaything of Xom.
You were not hungry.

You visited 1 branch of the dungeon, and saw 6 of its levels.

You collected 181 gold pieces.

Inventory:

Hand Weapons
 a - a +0 mace of chaos
 g - a +1 whip of draining (weapon)
 l - a +0 giant spiked club
Missiles
 i - 120 stones
 s - 2 large rocks (quivered)
 u - 2 tomahawks
Armour
 b - a +2 robe (worn)
Jewellery
 k - a ring of fire (left hand)
 v - an uncursed ring of poison resistance {unknown}
Wands
 m - a wand of digging (4)
Scrolls
 d - 3 scrolls of remove curse
 f - a scroll of fear {unknown}
 h - a scroll of magic mapping
 j - a scroll of enchant armour
 n - a scroll of identify
 w - a scroll of fog {unknown}
Potions
 e - 2 potions of curing
 o - 3 potions of lignification {unknown}
 p - 2 potions of flight {unknown}
 q - 2 potions of ambrosia
 t - a potion of agility {unknown}
 x - a potion of invisibility {unknown}
Comestibles
 c - 10 rations


   Skills:
 - Level 4.0 Fighting
 + Level 8.4 Maces & Flails
 - Level 2.1 Dodging


You had 6 spell levels left.
You didn't know any spells.
Your spell library contained the following spells:

 Spells                   Type           Power        Failure   Level  Hunger
 Animate Skeleton         Necr           N/A          30%         1    ##.....
 Apportation              Tloc           #.....       30%         1    ##.....
 Confusing Touch          Hex            #.....       30%         1    ##.....
 Corona                   Hex            #......      30%         1    ##.....
 Summon Small Mammal      Summ           #...         30%         1    ##.....
 Ensorcelled Hibernation  Hex/Ice        #.....       43%         2    ###....
 Confuse                  Hex            #.......     67%         3    ####...
 Dazzling Spray           Conj/Hex       #.....       67%         3    ####...
 Tukima's Dance           Hex            #.......     67%         3    ####...


Dungeon Overview and Level Annotations

Branches:
Dungeon (6/15)             Temple (0/1) D:4

Altars:
Sif Muna
Zin


Innate Abilities, Weirdness & Mutations

You are too large for most types of armour.
You have tough skin. (AC +1)
Scrolls take you a little longer to read.
Your body sometimes deteriorates upon taking damage.
You are robust. (+10% HP)
You are weak. (Str -2)


Message History

You hit something but do no damage. Something hits you.
* * * LOW HITPOINT WARNING * * *
Something hits you!
* * * LOW HITPOINT WARNING * * *
Something hits you.
* * * LOW HITPOINT WARNING * * *
Something hits you!
* * * LOW HITPOINT WARNING * * *
You feel much better. Something hits you. Something hits you!
Something hits you. Something hits you!
* * * LOW HITPOINT WARNING * * *
Something hits you.
* * * LOW HITPOINT WARNING * * *
Something hits you!
* * * LOW HITPOINT WARNING * * *
There is a stone staircase leading down, spattered with blood here.
Something hits you!
You die... "It was about time."

#.# #.# #.#
#.###.#####..
########........##.#
#..................#
#.######........##.<
#...............##..
###.####........##..
#># #............
#########@#
#.........#..
#.........#
#..##.##.###.
#.#########
#..##.#.## ## #.#
#..##....###. #.#
#..######.#.. #.#
#..........#. #.#
##.######.##. #.#
#...####.##. #.#
###......##.


There were no monsters in sight!

Vanquished Creatures
  An ogre (D:4)
  A phantom (D:4)
  2 scorpions
  A hound (D:5)
  A jelly (D:5)
  4 orc wizards
  Jessica (D:3)
  A worker ant (D:4)
  2 iguanas
  A hound skeleton (D:4)
  9 gnolls
  6 adders
  An ooze (D:4)
  An adder skeleton (D:4)
  3 worms
  4 dart slugs
  16 orcs
  4 ball pythons
  7 bats
  A giant cockroach (D:3)
  12 goblins
  9 hobgoblins
  3 jackals (D:2)
  3 quokkas
  4 frilled lizards
  A jackal skeleton (D:4)
  9 kobolds
  A quokka zombie (D:5)
  8 rats
117 creatures vanquished.

Vanquished Creatures (collateral kills)
  A crimson imp (D:4)
  A worm (D:3)
  A leopard gecko (D:3)
  A quokka skeleton (D:4)
4 creatures vanquished.

Grand Total: 121 creatures vanquished

Notes
Turn   | Place    | Note
-------+----------+-------------------------------------------
     0 | D:1      | Starchild the Ogre Chaos Knight began the quest for the
                  | Orb.
     0 | D:1      | Reached XP level 1. HP: 24/24 MP: 1/1
    30 | D:1      | Reached skill level 3 in Maces & Flails
   115 | D:1      | Reached XP level 2. HP: 32/32 MP: 2/2
   175 | D:1      | XOM: divination: detect creatures
   602 | D:2      | XOM: harmless Erth miscast
   610 | D:2      | Reached XP level 3. HP: 39/39 MP: 3/3
   769 | D:2      | Reached skill level 4 in Maces & Flails
   856 | D:2      | Found a deep blue altar of Sif Muna.
  1019 | D:2      | Reached XP level 4. HP: 44/48 MP: 4/4
  1146 | D:3      | XOM: silly message
  1185 | D:3      | XOM: silly message
  1207 | D:3      | Reached skill level 5 in Maces & Flails
  1217 | D:3      | Noticed Jessica
  1220 | D:3      | Killed Jessica
  1220 | D:3      | Reached XP level 5. HP: 46/54 MP: 5/5
  1230 | D:3      | XOM: enchant monster (bad)
  1234 | D:3      | XOM: chaos upgrade
  1243 | D:3      | XOM: enchant monster (bad)
  1244 | D:3      | XOM: medium Fire miscast
  1247 | D:3      | HP: 2/54 [poisoned by a kobold]
  1473 | D:3      | XOM: give mutations
  1473 | D:3      | Gained mutation: Scrolls take you a little longer to read.
                  | [Xom's mischief]
  1473 | D:3      | Gained mutation: You are robust. (+10% HP) [Xom's mischief]
  1587 | D:3      | XOM: give mutations
  1587 | D:3      | Gained mutation: You are weak. (Str -2) [Xom's mischief]
  1587 | D:3      | Gained mutation: Your body sometimes deteriorates upon
                  | taking damage. [Xom's mischief]
  1587 | D:3      | Gained mutation: Your spells are a little easier to cast,
                  | but a little less powerful. [Xom's mischief]
  1587 | D:3      | Lost mutation: Scrolls take you a little longer to read.
                  | [Xom's mischief]
  1786 | D:3      | XOM: summons friendly crimson imp
  2045 | D:4      | Noticed a phantom
  2047 | D:4      | XOM: cleaving
  2052 | D:4      | XOM: summons 3 friendly demons
  2057 | D:4      | XOM: potion effect (berserk rage)
  2061 | D:4      | Reached XP level 6. HP: 68/68 MP: 6/6
  2100 | D:4      | Killed a phantom
  2100 | D:4      | Reached skill level 6 in Maces & Flails
  2374 | D:4      | XOM: enchant monster (bad)
  2813 | D:4      | Found a staircase to the Ecumenical Temple.
  2852 | D:4      | Reached skill level 7 in Maces & Flails
  2852 | D:4      | Reached XP level 7. HP: 48/77 MP: 7/7
  3192 | D:4      | XOM: scenery: 1 doors close
  3195 | D:4      | XOM: give mutation
  3195 | D:4      | Lost mutation: Your spells are a little easier to cast, but
                  | a little less powerful. [Xom's mischief]
  3310 | D:4      | XOM: swap monsters
  3745 | D:5      | Entered Level 5 of the Dungeon
  3936 | D:5      | XOM: mild Tloc miscast
  4183 | D:5      | Found a glowing silver altar of Zin.
  4187 | D:5      | XOM: mild Tloc miscast
  4226 | D:5      | Reached skill level 8 in Maces & Flails
  4389 | D:5      | XOM: give mutation
  4389 | D:5      | Gained mutation: Scrolls take you a little longer to read.
                  | [Xom's mischief]
  4641 | D:6      | XOM: harmless Chrm miscast
  4708 | D:5      | Slain by an unseen horror

Skill      XL: |  1  2  3  4  5  6  7 |
---------------+----------------------+-----
Maces & Flails | 3 4 5 7 8 |  8.4
Fighting       | |  4.0
Dodging        | |  2.1

Action                   |  1- 3 |  4- 6 |  7- 9 || total
-------------------------+-------+-------+-------++-------
Melee: Mace              |    11 |       |       ||    11
       Whip              |    78 |   219 |   187 ||   484
Throw: Large rock        |       |     6 |     1 ||     7
       Stone             |       |       |     2 ||     2
       Tomahawk          |       |       |     2 ||     2
  Use: Potion            |       |     5 |     2 ||     7
       Scroll            |       |     3 |       ||     3
 Stab: Invisible         |       |     1 |       ||     1
       Confused          |       |       |     1 ||     1
       Sleeping          |       |       |     1 ||     1
  Eat: Chunk             |       |     6 |     6 ||    12
Armor: Robe              |    36 |    71 |    42 ||   149
Dodge: Dodged            |    31 |   132 |    57 ||   220
